 Dungeon Crawl Stone Soup version 0.18-a0-1778-gadce9fa (webtiles) character file.

4650 nubinia the Destroyer (level 10, -12/52 HPs)
             Began as a Tengu Venom Mage on Apr 16, 2016.
             Was an Elder of Sif Muna.
             Killed by the air
             ... invoked by Gastronok
              (38 damage)
             ... on level 1 of the Lair of Beasts.
             The game lasted 00:49:47 (9755 turns).

nubinia the Destroyer (Tengu Venom Mage)            Turns: 9755, Time: 00:49:49

Health: -12/52     AC:  8    Str:  9    XL:     10   Next: 43%
Magic:  8/28       EV: 13    Int: 19    God:    Sif Muna [****..]
Gold:   208        SH:  4    Dex: 14    Spells: 4 memorised, 9 levels left

rFire  . . .     SeeInvis .     b - +3 hunting sling (flame)
rCold  . . .     Gourm    .     f - +0 robe
rNeg   . . .     Faith    .     B - +0 buckler
rPois  +         Spirit   .     (helmet restricted)
rElec  .         Dismiss  .     q - +2 cloak
rCorr  .         Reflect  .     n - +2 pair of gloves
SustAt .         Harm     .     (boots unavailable)
MR     .....                    (no amulet)
Stlth  +++.......               D - ring of magical power
                                J - ring of poison resistance

@: not resistant to hostile enchantments, fairly stealthy
A: beak, talons 3, able to fly 1
a: Fly, Channel Energy, Forget Spell, Renounce Religion


You were on level 1 of the Lair of Beasts.
You worshipped Sif Muna.
Sif Muna was greatly pleased with you.
You were very hungry.

You visited 2 branches of the dungeon, and saw 9 of its levels.

You collected 370 gold pieces.
You spent 162 gold pieces at shops.

Inventory:

Hand Weapons
 a - a +1 whip of electrocution
 b - a +3 hunting sling of flaming (weapon)
 v - a +0 dagger
 G - a +4 dagger
 N - a +0 long sword of holy wrath
Missiles
 p - 159 stones (quivered)
 s - 58 sling bullets
Armour
 f - a +0 robe (worn)
 j - a +0 pair of gloves
 n - a +2 pair of gloves (worn)
 q - a +2 cloak (worn)
 B - a +0 buckler (worn)
Jewellery
 o - an uncursed ring of resist corrosion
 D - a ring of magical power (right hand)
 J - a ring of poison resistance (left hand)
 K - an uncursed ring of wizardry
Wands
 u - a wand of enslavement (8/24)
 w - a wand of lightning (5/15)
 F - a wand of lightning (2/15)
 H - a wand of lightning (3/15)
Scrolls
 h - 5 scrolls of remove curse
 m - 3 scrolls of magic mapping
 r - 2 scrolls of teleportation
 y - a scroll of recharging
 O - a scroll of enchant weapon
Potions
 d - a potion of cure mutation {unknown}
 e - 2 potions of cancellation
 g - 5 potions of curing
 i - a potion of ambrosia
 l - a potion of haste
 x - a potion of mutation
 z - a potion of lignification
 C - 2 potions of heal wounds
 I - a potion of invisibility
 M - a potion of magic {unknown}
Books
 k - a Young Poisoner's Handbook

   Spells                             Type                      Level
   a - Sting                          Conjuration/Poison           1
   b - Cure Poison                    Poison                       2
   c - Mephitic Cloud                 Conjuration/Poison/Air       3
   d - Olgreb's Toxic Radiance        Poison                       4
   e - Venom Bolt                     Conjuration/Poison           5
 A - a book of Dreams

   Spells                             Type                      Level
   a - Ensorcelled Hibernation        Hexes/Ice                    2
   b - Silence                        Hexes/Air                    5
   c - Darkness                       Hexes                        6
   d - Shadow Creatures               Summoning                    6
 E - a book of Frost

   Spells                             Type                      Level
   a - Freeze                         Ice                          1
   b - Throw Frost                    Conjuration/Ice              2
   c - Ozocubu's Armour               Charms/Ice                   3
   d - Throw Icicle                   Conjuration/Ice              4
   e - Summon Ice Beast               Ice/Summoning                4
Comestibles
 c - 7 bread rations
 t - 2 meat rations


   Skills:
 + Level 1.2 Fighting
 + Level 2.4 Maces & Flails
 + Level 7.1 Slings
 + Level 0.8(4.4) Throwing
 + Level 4.5 Dodging
 + Level 3.9 Stealth
 + Level 1.2 Shields
 + Level 5.4 Spellcasting
 * Level 9.4 Conjurations
 * Level 8.1 Air Magic
 - Level 4.5 Poison Magic
 + Level 1.7 Invocations


You had 9 spell levels left.
You knew the following spells:

 Your Spells              Type           Power        Failure   Level  Hunger
a - Sting                 Conj/Pois      ####         1%          1    None
b - Cure Poison           Pois           ###.......   4%          2    None
c - Mephitic Cloud        Conj/Pois/Air  ####....     2%          3    ##.....
d - Olgreb's Toxic Radia  Pois           ###.....     30%         4    ####...


Dungeon Overview and Level Annotations

Branches:
Dungeon (8/15)             Temple (0/1) D:7            Lair (1/8) D:8

Altars:
Dithmenos
Gozag
Makhleb
Okawaru
Qazlal
Sif Muna
The Shining One

Shops:
D:7 *

Annotations:
Lair:1 Gastronok


Innate Abilities, Weirdness & Mutations

You have a beak for a mouth.
You have claws for feet.
You can fly.


Message History

You feel sick.
Firing (i - inventory. (,) - cycle):
p - 159 stones (quivered)
Press: ? - help, Shift-Dir - straight line, f/p - Gastronok
Aim: Gastronok, wearing a runed hat (moderately wounded, poisoned)
Okay, then.
You feel sick.
Casting: Olgreb's Toxic Radiance
Confirm with . or Enter, or press ? or * to list all spells.
You are no longer poisoned.
Casting: Cure Poison
Confirm with . or Enter, or press ? or * to list all spells.
You don't know that spell.
Casting: Cure Poison
Confirm with . or Enter, or press ? or * to list all spells.
You miscast Olgreb's Toxic Radiance.
Sif Muna protects you from the effects of your miscast!
Gastronok waves his eye-stalks in wide circles.
The air twists around and strikes you!
Ouch! That really hurt!
You die...

### ###.# ##...### ###
####......##########P### ###
##.#.#...#....##...(..... #...
###.......@......w((.#.#..#
##....#.P.......###.....(...##..#
..............<.....#..(.....#.##
.........#####.#...........(##.#
....##...# ###.....##....#(..#
... ##### ##....########..# .
#....# ..##. (....## ......
##...P ..##


You could see Gastronok.

Vanquished Creatures
  2 komodo dragons (Lair:1)
  3 blink frogs (Lair:1)
  A spriggan (D:7)
  4 yaks (Lair:1)
  A hungry ghost (D:7)
  An orc warrior (D:6)
  A sky beast (D:5)
  A black bear (D:5)
  2 ogres
  3 centaurs
  2 crocodiles (Lair:1)
  6 giant frogs
  A water moccasin zombie (D:6)
  2 scorpions (D:5)
  2 howler monkeys
  3 wights
  2 crimson imps (D:5)
  A centaur zombie (D:5)
  3 hounds
  A jelly (D:7)
  A centaur skeleton (D:4)
  5 orc priests
  10 orc wizards
  Jessica (D:3)
  An iguana (Lair:1)
  6 worker ants
  A hound zombie (D:5)
  A howler monkey zombie (D:7)
  A worker ant zombie (D:5)
  4 gnolls (D:8)
  9 adders
  8 river rats (Lair:1)
  3 shadow imps (D:5)
  An ooze (D:3)
  An adder skeleton (D:6)
  3 worms
  A dart slug (D:3)
  8 giant geckos
  33 orcs
  4 giant cockroaches
  13 goblins
  9 hobgoblins
  6 jackals (D:5)
  5 quokkas
  A ball python (D:7)
  A bat (D:2)
  3 giant newts
  A jackal skeleton (D:5)
  11 kobolds
  A quokka zombie (D:6)
  6 rats
201 creatures vanquished.

Vanquished Creatures (others)
  A bush (Lair:1)
  2 plants (Lair:1)
3 creatures vanquished.

Grand Total: 204 creatures vanquished

Notes
Turn   | Place    | Note
--------------------------------------------------------------
     0 | D:1      | nubinia the Tengu Venom Mage began the quest for the Orb.
     0 | D:1      | Reached XP level 1. HP: 10/10 MP: 4/4
   241 | D:1      | Reached XP level 2. HP: 12/15 MP: 3/6
   245 | D:1      | Learned a level 2 spell: Cure Poison
  1106 | D:2      | Found a shadowy altar of Dithmenos.
  1142 | D:2      | Found a glowing golden altar of the Shining One.
  1203 | D:2      | Reached XP level 3. HP: 19/19 MP: 7/7
  1215 | D:2      | Learned a level 3 spell: Mephitic Cloud
  1401 | D:2      | Reached skill level 1 in Conjurations
  1909 | D:2      | Found a deep blue altar of Sif Muna.
  1918 | D:2      | Became a worshipper of Sif Muna the Loreminder
  2011 | D:3      | Reached skill level 2 in Conjurations
  2011 | D:3      | Reached skill level 1 in Air Magic
  2011 | D:3      | Reached XP level 4. HP: 24/24 MP: 1/8
  2282 | D:3      | Gained mutation: You can fly. [Tengu growth]
  2282 | D:3      | Reached XP level 5. HP: 28/28 MP: 0/9
  2489 | D:3      | Reached skill level 3 in Conjurations
  2973 | D:3      | Reached XP level 6. HP: 32/33 MP: 1/11
  2984 | D:3      | Reached skill level 4 in Conjurations
  3203 | D:3      | Reached skill level 1 in Slings
  3363 | D:3      | Noticed Jessica
  3366 | D:3      | Killed Jessica
  3712 | D:4      | Reached * piety under Sif Muna
  3856 | D:4      | Reached XP level 7. HP: 37/37 MP: 8/12
  3958 | D:4      | Found a burning altar of Makhleb.
  4032 | D:4      | Reached skill level 5 in Conjurations
  4214 | D:4      | Reached skill level 1 in Invocations
  4605 | D:5      | Entered Level 5 of the Dungeon
  4873 | D:5      | Reached XP level 8. HP: 42/42 MP: 14/14
  4879 | D:5      | Learned a level 4 spell: Olgreb's Toxic Radiance
  4967 | D:5      | Reached skill level 1 in Maces & Flails
  5251 | D:5      | Reached skill level 5 in Air Magic
  5350 | D:5      | Reached ** piety under Sif Muna
  5350 | D:5      | Reached skill level 6 in Conjurations
  6287 | D:5      | Reached skill level 7 in Conjurations
  6356 | D:6      | Found an opulent altar of Gozag.
  6357 | D:6      | Found a stormy altar of Qazlal.
  6357 | D:6      | Found an iron altar of Okawaru.
  6425 | D:5      | Reached XP level 9. HP: 12/46 MP: 13/16
  7026 | D:6      | Reached skill level 5 in Slings
  7127 | D:6      | Found a shadowy altar of Dithmenos.
  7278 | D:6      | Reached *** piety under Sif Muna
  7278 | D:6      | Reached skill level 8 in Conjurations
  7686 | D:7      | Found a staircase to the Ecumenical Temple.
  8060 | D:7      | Found Kipidoeck's Assorted Antiques.
  8065 | D:7      | Bought a scroll of identify for 50 gold pieces
  8065 | D:7      | Bought a scroll labeled EMOGIL PAMYFI for 25 gold pieces
  8065 | D:7      | Bought a runed long sword for 87 gold pieces
  8660 | D:8      | Found a staircase to the Lair.
  8956 | Lair:1   | Entered Level 1 of the Lair of Beasts
  9264 | Lair:1   | Noticed a komodo dragon
  9298 | Lair:1   | Reached XP level 10. HP: 45/51 MP: 16/18
  9311 | Lair:1   | Reached skill level 5 in Spellcasting
  9311 | Lair:1   | Reached skill level 9 in Conjurations
  9353 | Lair:1   | Reached skill level 1 in Fighting
  9353 | Lair:1   | Reached skill level 1 in Shields
  9398 | Lair:1   | Reached **** piety under Sif Muna
  9432 | Lair:1   | Noticed Gastronok
  9755 | Lair:1   | Killed from afar by Gastronok

Vault maps used:
D:1:      ncdulo_halloftheorcs, minmay_close_crescents
D:2:      overflow_temple_1_default, overflow_temple_1_default,
          old_standard_altar
D:3:      uniq_jessica
D:4:      first_bread, corexii_item_surrounded_by_moat, makhleb_heckhound_becter
D:6:      gammafunk_temple_overflow_forgotten, nicolae_dithmenos_shadow_blocks
D:7:      minmay_temple_entry_from_below_b, serial_shops, shop, the_bakery
D:8:      lair_0_dummy
Lair:1:   st_stairs_4, grunt_forest_large_clearing_hut, serial_bayou_shore_b,
          grunt_megastairs_3, uniq_gastronok

Skill      XL: |  1  2  3  4  5  6  7  8  9 10 |
---------------+-------------------------------+-----
Conjurations   | 2 3 4 5 7 8 9 |  9.4
Air Magic      | 1 3 4 6 7 8 |  8.1
Slings         | 1 3 4 6 7 |  7.1
Dodging        | 3 4 |  4.5
Spellcasting   | 3 4 5 |  5.4
Invocations    | 1 |  1.7
Stealth        | 3 |  3.9
Maces & Flails | 1 2 |  2.4
Fighting       | 1 |  1.2
Shields        | 1 |  1.2
Throwing       | |  0.8
Poison Magic   | |  4.5

Action                   |  1- 3 |  4- 6 |  7- 9 | 10-12 || total
-------------------------+-------+-------+-------+-------++-------
Melee: Dagger            |    63 |    19 |       |       ||    82
       Kick              |    12 |    11 |    19 |     5 ||    47
       Peck              |     4 |     7 |    14 |     2 ||    27
       Whip              |       |    16 |   118 |    18 ||   152
 Fire: Hunting sling     |     5 |    44 |   229 |    32 ||   310
Throw: Stone             |       |       |    10 |     4 ||    14
 Cast: Sting             |    70 |    78 |    92 |     1 ||   241
       Mephitic Cloud    |     2 |     5 |    34 |    12 ||    53
       Olgreb's Toxic Ra |       |       |     5 |     4 ||     9
       Cure Poison       |       |       |     5 |     2 ||     7
Invok: Channel Energy    |       |     4 |     9 |     8 ||    21
 Abil: Fly               |       |     5 |    14 |       ||    19
  Use: Scroll            |     6 |     1 |    10 |       ||    17
       Potion            |     1 |       |     2 |       ||     3
 Stab: Sleeping          |     4 |     1 |     1 |       ||     6
       Confused          |       |       |     2 |     2 ||     4
  Eat: Chunk             |     5 |     8 |    19 |     4 ||    36
       Bread ration      |       |       |     1 |       ||     1
       Pizza             |       |       |     1 |       ||     1
Armor: Robe              |    15 |     7 |    26 |     4 ||    52
Dodge: Dodged            |    39 |    24 |    69 |     5 ||   137
Block: Buckler           |       |       |    19 |     4 ||    23
